 Dungeon Crawl Stone Soup version 0.31.0-9-g3a7656b989 (webtiles) character file.

Game seed: 774891578940121759

2475 ExZ the Destroyer (level 9, -4/45 HPs)
             Began as a Gargoyle Fire Elementalist on Jan 28, 2024.
             Was an Initiate of Vehumet.
             Slain by a two-headed ogre
             ... wielding a +0 giant spiked club
              (13 damage)
             ... on level 7 of the Dungeon.
             The game lasted 00:15:42 (9642 turns).

ExZ the Destroyer (Gargoyle Fire Elementalist)      Turns: 9642, Time: 00:15:43

Health: -4/45      AC: 11    Str: 12    XL:     9   Next: 51%
Magic:  17/17      EV: 16    Int: 20    God:    Vehumet [......]
Gold:   227        SH:  0    Dex: 10    Spells: 12/19 levels left

rFire   . . .        t - +1 rapier (venom)
rCold   + . .        (no shield)
rNeg    + . .        a - +0 robe
rPois   ∞            m - +0 helmet
rElec   +            p - +1 cloak of Contentment {rC+}
rCorr   .            (no gloves)
SInv    .            (no boots)
Will    .....        (no amulet)
Stlth   ++           q - +5 ring of evasion
HPRegen 0.27/turn    D - ring of wizardry
MPRegen 0.15/turn

%: wizardry (x1)
@: about to teleport
A: sickness immunity, AC +6, negative energy resistance 1, electricity
resistance, torment resistance 1, petrification resistance
a: Renounce Religion


You were on level 7 of the Dungeon.
You worshipped Vehumet.
Vehumet was noncommittal.
You visited 2 branches of the dungeon, and saw 9 of its levels.

You collected 307 gold pieces.
You spent 80 gold pieces at shops.

Inventory:

Hand Weapons
 t - a +1 rapier of venom (weapon)
Missiles
 h - 4 throwing nets
Armour
 a - a +0 robe (worn)
 m - a +0 helmet (worn)
 p - the +1 cloak of Contentment (worn) {rC+}
   (You acquired it on level 4 of the Dungeon)

   rC+:       It protects you from cold.
Jewellery
 c - a ring of flight
 q - a +5 ring of evasion (left hand)
 D - a ring of wizardry (right hand)
 E - a ring of wizardry
Wands
 y - a wand of mindburst (8)
Scrolls
 d - 4 scrolls of vulnerability
 i - 4 scrolls of enchant weapon
 k - 4 scrolls of teleportation
 l - a scroll of amnesia
 n - a scroll of immolation
 o - 2 scrolls of enchant armour {unknown}
 u - a scroll of fog {unknown}
 v - 2 scrolls of identify
 w - a scroll of fear {unknown}
 x - a scroll of silence {unknown}
 z - a scroll of poison {unknown}
 A - a scroll of torment {unknown}
 C - a scroll of brand weapon {unknown}
Potions
 b - 2 potions of magic
 e - a potion of mutation
 f - a potion of lignification
 g - 5 potions of curing
 j - 3 potions of degeneration {unknown}
 r - 2 potions of haste {unknown}
 s - 3 potions of heal wounds {unknown}
 B - a potion of brilliance {unknown}


   Skills:
 + Level 0.0 Fighting
 + Level 0.0 Armour
 - Level 1.5 Dodging
 - Level 2.1 Stealth
 + Level 5.6 Spellcasting
 - Level 8.9 Conjurations
 - Level 8.2 Fire Magic


You had 12 spell levels left.
You knew the following spells:

 Your Spells              Type           Power      Damage    Failure   Level
a - Foxfire               Conj/Fire      100%       2x1d9     1%          1
b - Scorch                Fire           76%        2d8       1%          2
c - Flame Wave            Conj/Fire      40%        2d11      1%          4

Your spell library contained the following spells:

 Spells                   Type           Power      Damage    Failure   Level
 Hailstorm                Conj/Ice       23%        3d7       2%          3
 Inner Flame              Hex/Fire       22%        N/A       2%          3
 Volatile Blastmotes      Fire/Tloc      44%        2d13      2%          3
 Fulminant Prism          Conj/Alch      11%        3d9       7%          4
 Iskenderun's Mystic Bla  Conj/Tloc      23%        2d6       7%          4
 Ignite Poison            Fire/Alch      22%        N/A       9%          4
 Sticky Flame             Fire/Alch      22%        2d6       9%          4
 Summon Ice Beast         Ice/Summ       5%         N/A       13%         3
 Sculpt Simulacrum        Ice/Alch       2%         N/A       99%         6
 Ignition                 Fire           19%        3d7       100%        8


Dungeon Overview and Level Annotations

Branches:
Dungeon (8/15)             Temple (1/1) D:7
   Lair: D:8-11

Altars:
Ashenzari
Cheibriados
Dithmenos
Elyvilon
Fedhas
Gozag
Hepliaklqana
Kikubaaqudgha
Makhleb
Nemelex Xobeh
Okawaru
Qazlal
Ru
Sif Muna
Trog
Uskayaw
Vehumet
Wu Jian
Xom
Yredelemnul
Zin
The Shining One

Shops:
D:4 ?

Annotations:
D:7 2 transporters, wooly's ghost, novice DEEE


Innate Abilities, Weirdness & Mutations

You are immune to sickness and miasma.
Your stone body is resilient. (AC +6)
You are immune to poison.
You resist negative energy. (rN+)
You are resistant to electric shocks. (rElec)
You are resistant to unholy torment.
You are immune to petrification.


Message History

There is a stone staircase leading up here.
Unknown command.
Partly explored, unvisited transporter.
Partly explored, unvisited transporter.
Partly explored, unvisited transporter.
There is an open door here.
Partly explored, unvisited transporter.
There is a stone staircase leading down here.
You climb downwards.
The two-headed ogre shouts in stereo!
There is a stone staircase leading up here.
You can't go down here!
Unknown command.
Unknown command.
The two-headed ogre hits you with a +0 giant spiked club!
The two-headed ogre completely misses you.
You climb upwards.
Level annotation: 2 transporters, wooly's ghost, novice DEEE
There is a stone staircase leading down here.
Unknown command.
Unknown command.
Okay, then.
Okay, then.
Cast which spell? (? or * to list)
Casting: Flame Wave (dangerous; 1% risk of failure)
Press: ? - help, Dir - look around, f - activate
Okay, then.
As you read the scroll of teleportation, it crumbles to dust.
You feel strangely unstable.
Unknown command.
The two-headed ogre attacks as it pursues you!
The two-headed ogre hits you with a +0 giant spiked club!!
* * * LOW HITPOINT WARNING * * *
The two-headed ogre closely misses you.
Unknown command.
Unknown command.
The two-headed ogre attacks as it pursues you!
The two-headed ogre closely misses you.
The two-headed ogre hits you with a +0 giant club!
You die...

##()∩).#.##.##.######..######.##
#..)......................#...'
#.........................#...#
###+.##########.###...##..##'##
#...#....#####.###...##..##..#
#...'....#...................#
#...#....#...................#
#...#....######'##############
#######......@O>..............
#.......................
#.........).............
#.......................
############....©....###
#..........#####.....
#........###.y.###...
#.......###......##.. #.......#
##...#.##..


You could see a two-headed ogre.

Vanquished Creatures
  Edmund (D:5)
  A water moccasin (D:5)
  2 orc warriors
  2 black bears (D:7)
  3 sky beasts (D:7)
  2 ogres (D:6)
  2 scorpions
  4 killer bees (D:7)
  A howler monkey (D:4)
  2 bombardier beetles
  4 orc priests
  3 hounds
  4 jellies
  4 iguanas
  Jessica (D:3)
  8 orc wizards
  2 sleepcaps
  3 gnolls (D:4)
  11 adders
  A shadow imp (D:7)
  A white imp (D:7)
  2 ufetubi (D:7)
  2 ribbon worms
  A dart slug (D:1)
  31 orcs
  6 ball pythons
  9 endoplasms
  5 giant cockroaches
  5 goblins
  4 hobgoblins
  7 kobolds
  2 quokkas
  7 bats
  2 frilled lizards
  5 rats
150 creatures vanquished.

Vanquished Creatures (collateral kills)
  A killer bee (D:7)
  2 orc priests
  6 orcs
  A frilled lizard (D:3)
10 creatures vanquished.

Vanquished Creatures (others)
  258 foxfires
258 creatures vanquished.

Grand Total: 418 creatures vanquished

Notes
Turn   | Place    | Note
-------+----------+-------------------------------------------
     0 | D:1      | ExZ the Gargoyle Fire Elementalist began the quest for the
                  | Orb.
     0 | D:1      | Reached XP level 1. HP: 10/10 MP: 3/3
    76 | D:1      | You fall into a shaft and drop 1 floor!
   228 | D:2      | Reached XP level 2. HP: 14/15 MP: 3/5
   576 | D:1      | Reached XP level 3. HP: 19/19 MP: 0/6
   673 | D:1      | Learned a level 2 spell: Scorch
  1372 | D:2      | Reached XP level 4. HP: 24/24 MP: 3/8
  2490 | D:3      | Reached XP level 5. HP: 28/28 MP: 5/11
  3023 | D:3      | Reached skill level 5 in Spellcasting
  3122 | D:3      | Noticed Jessica
  3127 | D:3      | Killed Jessica
  3128 | D:3      | Reached XP level 6. HP: 32/32 MP: 10/13
  3681 | D:4      | Found Byphoum's Magic Scroll Shoppe.
  3689 | D:4      | Bought a scroll of identify for 20 gold pieces
  3689 | D:4      | Bought a scroll of teleportation for 30 gold pieces
  3689 | D:4      | Bought a scroll of teleportation for 30 gold pieces
  3802 | D:4      | Found a snail-covered altar of Cheibriados.
  4429 | D:4      | Found an opulent altar of Gozag.
  4756 | D:4      | Identified a scroll of acquirement
  4758 | D:4      | Acquired the +1 cloak of Contentment {rC+}
  4813 | D:5      | Entered Level 5 of the Dungeon
  4881 | D:5      | Reached XP level 7. HP: 36/36 MP: 8/15
  5384 | D:5      | Reached skill level 5 in Conjurations
  5594 | D:5      | Noticed Edmund
  5603 | D:5      | Learned a level 4 spell: Flame Wave
  5623 | D:5      | Killed Edmund
  5624 | D:5      | Reached skill level 5 in Fire Magic
  5624 | D:5      | Reached XP level 8. HP: 32/41 MP: 6/16
  6194 | D:5      | Found a basalt altar of Yredelemnul.
  7340 | D:6      | Found a glowing golden altar of the Shining One.
  7787 | D:7      | Found a transporter.
  7787 | D:7      | Noticed a two-headed ogre
  7787 | D:7      | Noticed a moth of wrath
  7793 | D:7      | Noticed wooly's ghost (novice DEEE)
  7807 | D:7      | Found a transporter.
  7842 | D:7      | Reached XP level 9. HP: 45/45 MP: 10/17
  8130 | D:7      | Found a bloodstained altar of Trog.
  8304 | D:7      | Found a sparkling altar of Nemelex Xobeh.
  8399 | D:7      | Found a staircase to the Ecumenical Temple.
  8405 | Temple   | Entered the Ecumenical Temple
  8493 | Temple   | Became a worshipper of Vehumet
  9637 | D:8      | Noticed a two-headed ogre
  9642 | D:7      | Slain by a two-headed ogre

Illustrated notes

Levels and vault maps discovered:
D:1:      hellmonk_arrival_library, layout_basic, minmay_ruptured
D:2:      minmay_recursive_quarters, layout_loops_cross, grunt_ministairs_5
D:3:      layout_rooms, uniq_jessica
D:4:      layout_loops_corners, cheibriados_altar_1,
          mainiacjoe_overflow_tiny_flanked, serial_shops,
          nicolae_shop_advertising_works [nicolae_subvault_shop_adworks],
          st_stairs_8
D:5:      nicolae_cairo_tiling_very_big, layout_cave_pods,
          lemuel_coloured_pillars_altar, grunt_ministairs_1,
          corexii_item_surrounded_by_moat, uniq_edmund
D:6:      layout_cave_pools, tso_oasis_becter, minivault_5
D:7:      layout_gridville, nemelex_diamond_rough_becter, temple_statues,
          gammafunk_ghost_wrathful_warriors, enter_bailey_2,
          minmay_misc_feat_room, chequers_serial_rivers_large_b
D:8:      layout_gridville, lair_entry_dummy
Temple:   minmay_crystal_spiral_temple

Skill      XL: |  1  2  3  4  5  6  7  8  9 |
---------------+----------------------------+-----
Conjurations   | 2 3 5 7 8 |  8.9
Spellcasting   | 3 4 5 |  5.6
Fire Magic     | 5 7 8 |  8.2
Dodging        | |  1.5
Stealth        | |  2.1

Action                     |  1- 3 |  4- 6 |  7- 9 || total
---------------------------+-------+-------+-------++-------
  Melee: Unarmed           |    31 |       |       ||    31
         Dagger            |    16 |    18 |       ||    34
   Cast: Foxfire           |    66 |    72 |    16 ||   154
         Scorch            |       |    57 |   119 ||   176
         Flame Wave        |       |       |     5 ||     5
    Use: Potion            |     1 |     1 |       ||     2
         Scroll            |       |    10 |     2 ||    12
   Stab: Sleeping          |     1 |     1 |       ||     2
 Armour: Robe              |    53 |    29 |    38 ||   120
         Skin              |       |    10 |       ||    10
  Dodge: Dodged            |    89 |    26 |    48 ||   163
